 Dungeon Crawl Stone Soup version 0.21-a0-525-ga34b322 (webtiles) character file.

275 Kingsmith the Shield-Bearer (level 6, -5/53 HPs)
             Began as a Gnoll Fighter on Dec 7, 2017.
             Slain by Pikel
             ... wielding a +1 whip of flaming
              (9 damage)
             ... on level 5 of the Dungeon.
             The game lasted 00:03:14 (2903 turns).

Kingsmith the Shield-Bearer (Gnoll Fighter)         Turns: 2903, Time: 00:03:15

Health: -5/53      AC:  7    Str: 21    XL:     6   Next: 25%
Magic:  8/8        EV:  9    Int: 10    God:
Gold:   226        SH: 11    Dex: 14    Spells: 8/8 levels left

rFire    . . .     SeeInvis .   k - +0 spear (pierce)
rCold    . . .     Gourm    .   c - +0 shield
rNeg     . . .     Faith    .   b - +0 scale mail
rPois    .         Spirit   .   (no helmet)
rElec    .         Reflect  .   (no cloak)
rCorr    .         Harm     .   (no gloves)
MR       .....                  (no boots)
Stlth    +.........             (no amulet)
HPRegen  0.17/turn              (no ring)
MPRegen  0.11/turn              (no ring)

@: no status effects
A: distributed training, fangs 1, strong nose
a: no special abilities


You were on level 5 of the Dungeon.
You were hungry.

You visited 1 branch of the dungeon, and saw 5 of its levels.

You collected 226 gold pieces.

Inventory:

Hand Weapons
 k - a +0 spear of piercing (weapon)
Armour
 b - a +0 scale mail (worn)
 c - a +0 shield (worn)
 h - a +0 helmet
Jewellery
 n - an uncursed ring of stealth {unknown}
 p - an uncursed amulet of the gourmand {unknown}
Wands
 t - a wand of flame (5)
Scrolls
 a - 6 scrolls of identify {unknown}
 e - 4 scrolls of remove curse {unknown}
 i - 3 scrolls of random uselessness {unknown}
 j - 6 scrolls of teleportation {unknown}
 m - a scroll of amnesia {unknown}
 r - 3 scrolls of noise {unknown}
 u - a scroll of enchant weapon {unknown}
Potions
 d - a potion of might
 l - 2 potions of heal wounds
 o - a potion of magic {unknown}
 s - a potion of flight {unknown}
Comestibles
 f - 3 bread rations
 g - 4 fruits
 q - 2 royal jellies


   Skills:
 + Level 6.8 Fighting
 + Level 1.8 Short Blades
 + Level 4.9 Long Blades
 + Level 1.8 Axes
 + Level 1.8 Maces & Flails
 + Level 1.8 Polearms
 + Level 1.8 Staves
 + Level 1.8 Slings
 + Level 1.8 Bows
 + Level 1.8 Crossbows
 + Level 1.8 Throwing
 + Level 6.8 Armour
 + Level 1.8 Dodging
 + Level 1.8 Stealth
 + Level 6.8 Shields
 + Level 1.8 Unarmed Combat
 + Level 1.8 Spellcasting
 + Level 1.4 Conjurations
 + Level 1.4 Hexes
 + Level 1.4 Charms
 + Level 1.4 Summonings
 + Level 1.4 Necromancy
 + Level 1.4 Translocations
 + Level 1.4 Transmutations
 + Level 1.4 Fire Magic
 + Level 1.4 Ice Magic
 + Level 1.4 Air Magic
 + Level 1.4 Earth Magic
 + Level 1.4 Poison Magic
 + Level 2.0 Invocations
 + Level 1.8 Evocations


You had 8 spell levels left.
You didn't know any spells.

Dungeon Overview and Level Annotations

Branches:
Dungeon (5/15)
 Temple: D:4-7

Altars:
Nemelex Xobeh
Trog

Shops:
D:4 (

Annotations:
D:5 Pikel


Innate Abilities, Weirdness & Mutations

Your experience applies equally to all skills.
You have very sharp teeth.
Your uncanny sense of smell can sniff out nearby items.


Message History

* * * LOW HITPOINT WARNING * * *
Pikel says, "Slavery isn't that bad."
You block Pikel's attack.
You closely miss Pikel.
Pikel is heavily wounded.
The slave barely misses you. Pikel hits you but does no damage.
You hit Pikel.
Pikel is heavily wounded.
You block the slave's attack. You block Pikel's attack.
The slave closely misses you.
You closely miss Pikel.
Pikel is heavily wounded.
You block Pikel's attack. The slave closely misses you.
You hit Pikel but do no damage.
Pikel is heavily wounded.
You block Pikel's attack. You block the slave's attack.
You hit Pikel.
Pikel is severely wounded.
Pikel hits you with a whip of flaming!
You die...

####
#@K#
#p##
#..
####
∆ ∆


You could see Pikel and a slave.

Vanquished Creatures
  3 orc wizards
  Jessica (D:2)
  4 adders
  4 gnolls (D:2)
  2 oozes
  2 dart slugs
  3 leopard geckos
  14 orcs
  7 giant cockroaches
  5 goblins
  5 hobgoblins
  4 jackals (D:1)
  6 kobolds
  A quokka (D:4)
  A ball python (D:3)
  3 bats
  3 frilled lizards
  4 rats
72 creatures vanquished.

Notes
Turn   | Place    | Note
-------+----------+-------------------------------------------
     0 | D:1      | Kingsmith the Gnoll Fighter began the quest for the Orb.
     0 | D:1      | Reached XP level 1. HP: 23/23 MP: 1/1
    59 | D:1      | Reached XP level 2. HP: 21/29 MP: 2/2
   847 | D:2      | Reached XP level 3. HP: 35/35 MP: 3/3
   854 | D:2      | Reached skill level 1 in Invocations
   857 | D:2      | Reached skill level 1 in Short Blades
   857 | D:2      | Reached skill level 1 in Axes
   857 | D:2      | Reached skill level 1 in Maces & Flails
   857 | D:2      | Reached skill level 1 in Polearms
   857 | D:2      | Reached skill level 1 in Staves
   857 | D:2      | Reached skill level 1 in Slings
   857 | D:2      | Reached skill level 1 in Bows
   857 | D:2      | Reached skill level 1 in Crossbows
   857 | D:2      | Reached skill level 1 in Throwing
   857 | D:2      | Reached skill level 1 in Dodging
   857 | D:2      | Reached skill level 1 in Stealth
   857 | D:2      | Reached skill level 1 in Unarmed Combat
   857 | D:2      | Reached skill level 1 in Spellcasting
   857 | D:2      | Reached skill level 1 in Evocations
   868 | D:2      | Reached XP level 4. HP: 18/41 MP: 5/5
  1035 | D:2      | Noticed Jessica
  1038 | D:2      | Killed Jessica
  1038 | D:2      | Reached skill level 1 in Conjurations
  1038 | D:2      | Reached skill level 1 in Hexes
  1038 | D:2      | Reached skill level 1 in Charms
  1038 | D:2      | Reached skill level 1 in Summonings
  1038 | D:2      | Reached skill level 1 in Necromancy
  1038 | D:2      | Reached skill level 1 in Translocations
  1038 | D:2      | Reached skill level 1 in Transmutations
  1038 | D:2      | Reached skill level 1 in Fire Magic
  1038 | D:2      | Reached skill level 1 in Ice Magic
  1038 | D:2      | Reached skill level 1 in Air Magic
  1038 | D:2      | Reached skill level 1 in Earth Magic
  1038 | D:2      | Reached skill level 1 in Poison Magic
  1493 | D:3      | Reached XP level 5. HP: 40/47 MP: 6/6
  2176 | D:3      | Reached XP level 6. HP: 45/53 MP: 8/8
  2178 | D:3      | Found a bloodstained altar of Trog.
  2352 | D:3      | Found a sparkling altar of Nemelex Xobeh.
  2494 | D:5      | Entered Level 5 of the Dungeon
  2769 | D:4      | Found Dugy's Weapon Shoppe.
  2842 | D:4      | Noticed Pikel
  2842 | D:4      | Noticed a slave
  2843 | D:4      | Noticed a slave
  2843 | D:4      | Noticed a slave
  2843 | D:4      | Noticed a slave
  2903 | D:5      | Slain by Pikel

Vault maps used:
D:1:      dpeg_arrival_orchard, serial_co_window_serial,
          co_window_of_opportunity_a, co_window_of_opportunity_a,
          co_window_cross_1, co_window_paths_b, co_window_paths_a,
          co_window_corner_b, co_window_corner_b, co_window_2corner,
          co_window_paths_c, co_window_broadway_a, co_window_unsneaky_path_c,
          co_window_broadway_b
D:2:      uniq_jessica
D:3:      nemelex_xobeh_ov_fountains_minmay, bloody_trog
D:4:      gammafunk_temple_overflow_statue, lemuel_crystal_altar, serial_curves,
          eino_curves_01, eino_curves_01, eino_curves_02, serial_shops, shop,
          uniq_pikel
D:5:      nicolae_tso_carved_into_rock, minmay_temple_entry_hall, serial_shops,
          shop, first_bread, uniq_edmund

Skill      XL: |  1  2  3  4  5  6 |
---------------+-------------------+-----
Invocations    | 1 2 |  2.0
Short Blades   | 1 |  1.8
Axes           | 1 |  1.8
Maces & Flails | 1 |  1.8
Polearms       | 1 |  1.8
Staves         | 1 |  1.8
Slings         | 1 |  1.8
Bows           | 1 |  1.8
Crossbows      | 1 |  1.8
Throwing       | 1 |  1.8
Dodging        | 1 |  1.8
Stealth        | 1 |  1.8
Unarmed Combat | 1 |  1.8
Spellcasting   | 1 |  1.8
Evocations     | 1 |  1.8
Conjurations   | 1 |  1.4
Hexes          | 1 |  1.4
Charms         | 1 |  1.4
Summonings     | 1 |  1.4
Necromancy     | 1 |  1.4
Translocations | 1 |  1.4
Transmutations | 1 |  1.4
Fire Magic     | 1 |  1.4
Ice Magic      | 1 |  1.4
Air Magic      | 1 |  1.4
Earth Magic    | 1 |  1.4
Poison Magic   | 1 |  1.4
Fighting       | |  6.8
Long Blades    | |  4.9
Armour         | |  6.8
Shields        | |  6.8

Action                   |  1- 3 |  4- 6 || total
-------------------------+-------+-------++-------
Melee: Long sword        |    61 |       ||    61
       Bite              |     5 |    20 ||    25
       Spear             |       |   220 ||   220
  Eat: Chunk             |       |     6 ||     6
Armor: Scale mail        |    21 |    78 ||    99
Dodge: Dodged            |    16 |    62 ||    78
Block: Shield            |    32 |   103 ||   135
       Rpst.: Long sword |     5 |       ||     5

Table legend:
 A = Spawn XP
 B = Non-spawn XP
 C = Spawn XP percentage of total XP
 D = Spawn monster count
 E = Non-spawn monster count
 F = Spawn count percentage of total count
 G = Total turns spent on level
                    A         B        C        D         E        F      G
               +---------+---------+-------+---------+---------+-------+---------
         Total |       0 |     394 |   0.0 |       0 |      72 |   0.0 |  2903
               +---------+---------+-------+---------+---------+-------+---------
           D:1 |       0 |      33 |   0.0 |       0 |      17 |   0.0 |   846
           D:2 |       0 |     128 |   0.0 |       0 |      15 |   0.0 |   623
           D:3 |       0 |     169 |   0.0 |       0 |      31 |   0.0 |   955
           D:4 |       0 |      64 |   0.0 |       0 |       9 |   0.0 |   223
               +---------+---------+-------+---------+---------+-------+---------
